 Dungeon Crawl Stone Soup version 0.32-a0-876-gcfddb08e57 (webtiles) character file.

Game seed: 15122948089338096413

269930 jasper the Brawler (level 19, -1/204 HPs)
             Began as a Demonspawn Fighter on Apr 1, 2024.
             Was a High Priest of Wu Jian.
             Slain by a dire elephant (14 damage)
             ... on level 2 of the Vaults.
             The game lasted 01:15:11 (30190 turns).

jasper the Brawler (Demonspawn Fighter)            Turns: 30190, Time: 01:15:12

Health: -1/204     AC: 33    Str: 26    XL:     19   Next: 41%
Magic:  19/19      EV: 15    Int:  8    God:    Wu Jian [*****.]
Gold:   784        SH: 13    Dex: 18    Spells: 10/18 levels left

rFire   + .          .
                       - Unarmed
rCold   + + .        b - +0 kite shield
rNeg    + + +        (body armour currently unavailable)
rPois   ∞            s - +1 helmet of the Harvest {rC+ Str+2}
rElec   +            i - +1 cloak of the Sharing Gods {rPois rN++}
rCorr   .            (gloves unavailable)
SInv    .            (boots currently unavailable)
Will    +....        Y - amulet of Zour {rF+ Regen+ Dex+4}
Stlth   +            x - ring of flight
HPRegen 1.34/turn    H - ring of protection from cold
MPRegen 0.16/turn

%: no passive effects
@: statue-form, marked, in a heavenly storm, flying, glowing, studying 4 skills,
very slow
A: slow and powerful, torment resistance 1, boosted hp, claws 3, slimy green
scales 3, demonic guardian 1, spiny 2
}: 2/15 runes: barnacled, gossamer
a: Begin Untransformation, Renounce Religion, Wall Jump, Serpent's Lash,
Heavenly Storm


You were on level 2 of the Vaults.
You worshipped Wu Jian.
Wu Jian was extremely pleased with you.
You were a living statue of rough stone.
You visited 6 branches of the dungeon, and saw 32 of its levels.
You also visited: Trove and Gauntlet.

You collected 4063 gold pieces.
You spent 3279 gold pieces at shops.

Inventory:

Missiles
 d - 3 throwing nets
 A - 45 boomerangs
 I - 8 curare-tipped darts
 L - 8 javelins
Armour
 b - a +0 kite shield (worn)
 i - the +1 cloak of the Sharing Gods (worn) {rPois rN++}
   (You found it on level 1 of the Shoals)

   rPois:     It protects you from poison.
   rN++:      It greatly protects you from negative energy.
 j - +0 gold dragon scales
 m - a scarf of harm
 s - the +1 helmet of the Harvest (worn) {rC+ Str+2}
   (You acquired it on level 1 of the Shoals)

   Str+2:     It affects your strength (+2).
   rC+:       It protects you from cold.
 M - a +0 tower shield
 Z - a scarf of resistance
Jewellery
 x - a ring of flight (left claw)
 D - a ring of resist corrosion
 H - a ring of protection from cold (right claw)
 U - a ring of see invisible
 Y - the amulet of Zour (around neck) {rF+ Regen+ Dex+4}
   (You bought it in a shop on level 4 of the Dungeon)

   [amulet of regeneration]

   Dex+4:     It affects your dexterity (+4).
   rF+:       It protects you from fire.
   Regen+:    It increases your rate of health regeneration.
Talismans
 c - a granite talisman (active)
Wands
 n - a wand of flame (37)
 q - a wand of paralysis (29)
 r - a wand of iceblast (20)
 v - a wand of mindburst (1)
 C - a wand of digging (11)
 N - a wand of polymorph (14)
 O - a wand of acid (7)
Scrolls
 a - 8 scrolls of revelation
 k - 2 scrolls of immolation
 o - 2 scrolls of silence
 p - 4 scrolls of vulnerability
 u - a scroll of fear
 w - 6 scrolls of poison
 y - a scroll of butterflies
 F - 6 scrolls of identify
 G - 4 scrolls of blinking
 P - 8 scrolls of fog
 S - 9 scrolls of teleportation
Potions
 e - 6 potions of brilliance
 f - 2 potions of attraction
 g - 15 potions of curing
 h - 4 potions of enlightenment
 l - a potion of resistance
 z - 6 potions of magic
 B - 6 potions of ambrosia
 E - 6 potions of mutation
 J - 2 potions of might
 Q - a potion of berserk rage
 T - a potion of invisibility
 V - 6 potions of lignification
 W - 4 potions of cancellation
 X - 2 potions of haste
Miscellaneous
 t - a lightning rod (4/4)
 K - a Gell's gravitambourine (2/2)
 R - a tin of tremorstones (2/2)


   Skills:
 + Level 16.0 Fighting
 - Level 2.5 Axes
 - Level 2.6 Armour
 + Level 13.8 Shields
 * Level 20.0 Unarmed Combat
 + Level 17.9 Shapeshifting


You had 10 spell levels left.
You knew the following spells:

 Your Spells              Type           Power      Damage    Failure   Level
a - Apportation           Tloc           0%         N/A       54%         1
b - Fugue of the Fallen   Necr           0%         N/A       88%         3
c - Vhi's Electric Charg  Tloc/Air       0%         N/A       99%         4

Your spell library contained the following spells:

 Spells                   Type           Power      Damage    Failure   Level
 Sting                    Conj/Alch      0%         1d3       54%         1
 Cigotuvi's Dreadful Rot  Necr/Alch/Air  0%         N/A       67%         2
 Ensorcelled Hibernation  Hex/Ice        0%         N/A       67%         2
 Jinxbite                 Hex            0%         N/A       67%         2
 Mercury Vapours          Alch/Air       0%         N/A       67%         2
 Static Discharge         Conj/Air       0%         3-3/arc   67%         2
 Frozen Ramparts          Ice            0%         1d1       88%         3
 Hailstorm                Conj/Ice       0%         3d5       88%         3
 Ozocubu's Armour         Ice            0%         N/A       88%         3
 Passwall                 Erth           0%         N/A       88%         3
 Sigil of Binding         Hex            0%         N/A       88%         3
 Airstrike                Air            0%         2d(0-16)  99%         4
 Anguish                  Hex/Necr       0%         N/A       99%         4
 Animate Armour           Summ/Erth      0%         N/A       99%         4
 Animate Dead             Necr           0%         N/A       99%         4
 Brom's Barrelling Bould  Conj/Erth      0%         2d3       99%         4
 Dispel Undead            Necr           0%         3d6       99%         4
 Leda's Liquefaction      Alch/Erth      0%         N/A       99%         4
 Martyr's Knell           Necr/Summ      0%         N/A       99%         4
 Maxwell's Portable Pile  Tloc           0%         2d(5-10)  99%         4
 Olgreb's Toxic Radiance  Alch           0%         N/A       99%         4
 Passage of Golubria      Tloc           0%         N/A       99%         4
 Petrify                  Alch/Erth      0%         N/A       99%         4
 Summon Blazeheart Golem  Fire/Summ      0%         N/A       99%         4
 Summon Lightning Spire   Summ/Air       0%         N/A       99%         4
 Alistair's Intoxication  Alch           0%         N/A       100%        5
 Arcjolt                  Conj/Air       0%         1d10      100%        5
 Borgnjor's Vile Clutch   Necr/Erth      0%         N/A       100%        5
 Fireball                 Conj/Fire      0%         3d3       100%        5
 Iskenderun's Battlesphe  Conj           0%         2d6       100%        5
 Metabolic Englaciation   Hex/Ice        0%         N/A       100%        5
 Silence                  Hex/Air        0%         N/A       100%        5
 Bombard                  Conj/Erth      0%         9d1       100%        6
 Conjure Ball Lightning   Conj/Air       0%         3x3d6     100%        6
 Death Channel            Necr           0%         N/A       100%        6
 Dispersal                Tloc           0%         N/A       100%        6
 Eringya's Noxious Bog    Alch           0%         4d6       100%        6
 Gell's Gavotte           Tloc           0%         2d(11-16) 100%        6
 Plasma Beam              Fire/Air       0%         2x1d10    100%        6
 Sculpt Simulacrum        Ice/Alch       0%         N/A       100%        6
 Haunt                    Necr/Summ      0%         N/A       100%        7
 Manifold Assault         Tloc           0%         N/A       100%        7
 Orb of Destruction       Conj           0%         9d5       100%        7
 Ozocubu's Refrigeration  Ice            0%         4d7       100%        7
 Spellforged Servitor     Conj/Summ      0%         N/A       100%        7
 Discord                  Hex            0%         N/A       100%        8
 Disjunction              Tloc           0%         N/A       100%        8
 Infestation              Necr           0%         N/A       100%        8
 Lehudib's Crystal Spear  Conj/Erth      0%         10d2      100%        8
 Maxwell's Capacitive Co  Air            0%         ∞         100%        8


Dungeon Overview and Level Annotations

Branches:
Dungeon (15/15)            Temple (0/1) D:6            Lair (5/5) D:10
 Shoals (4/4) Lair:3       Spider (4/4) Lair:3        Slime (0/5) Lair:5
    Orc (2/2) D:9             Elf (0/3) Orc:2        Vaults (2/5) D:14
 Depths (0/4) D:15        Gauntlet (visited)
  Crypt: Vaults:2-3

Altars:
Ashenzari
Dithmenos
Gozag
Okawaru
Qazlal
Ru
Sif Muna
Uskayaw
Vehumet
Wu Jian
Xom
Beogh
Lugonu

Shops:
D:2 ([(   D:4 =!(=   D:9 :   D:15 :   Orc:2 *:([   Shoals:1 [(

Annotations:
D:5 1 runed translucent door, EvilEddieB's ghost, amateur DsGl
D:7 1 runed translucent door, javelincjr's ghost, novice TrHu
Lair:1 3 runed translucent doors
Lair:2 exclusion: oklob plant
Spider:4 exclusion: door


Innate Abilities, Weirdness & Mutations

You are a living statue of rough stone.
Your actions are slow, but your melee attacks are powerful.
You are resistant to unholy torment.
Your maximum health is greatly increased.
Your equipment is partially melded.
You are immune to poison.
You have claws for hands.
(You are completely covered in slimy green scales. (AC +4, rPois))
A weak demonic guardian rushes to your aid.
You are mostly covered in sharp spines.


Message History

* * * LOW HITPOINT WARNING * * *
The harpy claws you but does no damage. x2
The arcanist hits your rust devil with a +0 dagger.
Your rust devil hits the harpy.
Your rust devil corrodes the harpy!
The harpy is struck by your spines. The harpy claws you but does no damage.
The harpy barely misses you.
The harpy barely misses your rust devil.
The harpy claws your rust devil.
The harpy moves out of view.
The ironbound convoker moves out of view.
You take 16 damage, and have 10/204 hp.
Okay, then.
You feel better. The harpy barely misses you. You block the harpy's attack.
The harpy claws your rust devil.
The harpy claws your rust devil but does no damage.
The harpy is struck by your spines. The harpy barely misses you.
You block the harpy's attack. The harpy completely misses you.
You block the harpy's attack. The harpy misses your rust devil.
The harpy claws your rust devil but does no damage.
The vault warden hits you but does no damage.
The dire elephant barely misses you.
The dire elephant completely misses you.
The arcanist hits your rust devil but does no damage.
The vault sentinel points at you and mumbles some strange words.
The mark upon you grows brighter.
The ironbound convoker hits your rust devil with a +0 great mace!
Your rust devil hits the ironbound convoker.
Your rust devil corrodes the ironbound convoker!
The white ugly thing is struck by your spines.
The white ugly thing closely misses you.
The ironbound convoker gestures at the harpy while chanting.
The harpy seems to grow stronger.
The vault warden is struck by your spines.
The vault warden hits you with a +1 dire flail of holy wrath.
* * * LOW HITPOINT WARNING * * *
You convulse.
* * * LOW HITPOINT WARNING * * *
The arcanist hits your rust devil but does no damage.
The dire elephant is struck by your spines.
The dire elephant tramples you!
You die...

..... #..... #...#
#..... #.$.# #..... #...
#..... #○§. #.....
########+##########^....
.Hp..p§☼°○☼☼............
....uH4p○○○§............
.....pHIY○○§............
.....Hu☼p○§.............
.....○☼☼H○..............
##########''#########'##
#.....! #......
#........ #.....<
#........##......
#........##....>.
#.....>..##......


You could see a dire elephant, a vault warden, a white ugly thing, a vault
sentinel, an ironbound convoker (corroded), an arcanist (ally target), 4 harpies
and a friendly rust devil (summoned).

Vanquished Creatures
  A lich (Vaults:2)
  Jorgrun (Shoals:2)
  A titan (Shoals:4)
  Polyphemus (Shoals:2)
  A tengu reaver (Vaults:2)
  A frost giant (D:11)
  Louise (Shoals:2)
  3 emperor scorpions
  5 vault wardens (Vaults:1)
  A ghost moth (Spider:4)
  6 broodmothers
  5 ironbound preservers
  2 orc warlords
  A formless jellyfish (Vaults:1)
  4 ironbound thunderhulks (Vaults:1)
  Nessos (D:14)
  6 dire elephants
  A minotaur (Gauntlet)
  2 spark wasps
  9 merfolk impalers
  An ettin (Orc:2)
  5 merfolk javelineers
  A fire dragon (D:14)
  A rakshasa (D:15)
  3 entropy weavers
  5 vault guards
  A yaktaur captain (Vaults:1)
  Erolcha (D:12)
  An ogre mage (Orc:2)
  3 ironbound frosthearts (Vaults:1)
  The ghost of Bunar the Gouger, a journeyman FeSh of Ru (Shoals:1)
  An alligator snapping turtle (Shoals:3)
  2 merfolk avatars
  An ice dragon (Lair:5)
  8 merfolk aquamancers
  2 radroaches
  4 hydras
  2 catoblepae
  15 two-headed ogres
  2 jorogumos
  4 centaur warriors
  Erica (D:8)
  13 death yaks
  7 boulder beetles
  An orc high priest (Orc:2)
  6 demonic crawlers
  2 tengu warriors (D:13)
  Nergalle (Orc:2)
  8 skysharks
  Amaemon (D:8)
  15 skeletal warriors (D:15)
  5 pharaoh ants
  A shadow wraith (D:14)
  10 sea snakes
  7 orb spiders
  4 sun moths (Spider:4)
  2 sixfirhies (Gauntlet)
  A glowing orange brain (D:15)
  3 arcanists
  An obsidian statue (Gauntlet)
  12 deep trolls
  A swamp dragon (Lair:5)
  2 lindwurms (Vaults:1)
  12 harpies
  5 spectral wolf spiders (Spider:3)
  4 wolf spider zombies (Spider:3)
  An obsidian bat (Orc:2)
  5 orc knights
  7 ironbound convokers (Vaults:1)
  A necromancer (Vaults:1)
  5 steelbarb worms
  17 manticores
  11 ugly things
  2 deep elf pyromancers (D:15)
  An orc sorcerer (Orc:2)
  A moth of wrath (Spider:4)
  7 centaur zombies (D:15)
  17 wolf spiders
  10 fauns (Shoals:1)
  4 meliai
  4 torpor snails
  7 elephants
  10 merfolk sirens
  A meliai (shapeshifter) (D:13)
  11 cyclopes
  4 black mambas
  2 kobold blastminers (Orc:2)
  27 slime creatures
  An ice statue (Lair:3)
  A vault sentinel (Vaults:1)
  A naga mage (Vaults:2)
  10 water nymphs
  Maggie (D:9)
  An iron dragon skeleton (Vaults:1)
  10 cane toads
  A gargoyle (D:11)
  An orange demon (D:8)
  4 unseen horrors
  5 yaktaurs (Vaults:1)
  A redback zombie (D:15)
  13 komodo dragons
  A human zombie (Vaults:1)
  2 ice devils (Lair:3)
  A kobold demonologist (D:13)
  9 rime drakes
  A tengu conjurer (D:13)
  4 polar bears
  7 wolf spider simulacra (Spider:3)
  9 trolls
  14 wind drakes
  23 merfolk
  21 tarantellas
  20 dream sheep
  20 blink frogs
  8 snapping turtles
  A spriggan (shapeshifter) (D:15)
  23 jumping spiders
  20 culicivoras
  5 wraiths
  7 air elementals (Shoals:4)
  3 wyverns
  75 yaks
  4 vampires
  2 shadows
  21 water elementals
  6 basilisks
  7 wargs
  3 steam dragons
  7 vampire mosquitoes
  43 redbacks
  A death yak simulacrum (Lair:3)
  A glowing shapeshifter zombie (Vaults:1)
  14 water moccasins
  4 acid dragons
  Duvessa (D:4)
  3 swamp drakes (Lair:5)
  29 orc warriors
  A sky beast (D:7)
  2 laughing skulls (D:14)
  5 black bears
  2 ice beasts
  A hornet zombie (D:15)
  17 ogres
  A boggart (Vaults:1)
  18 centaurs
  22 wolves
  3 kobold brigands
  A phantom (D:7)
  9 bullfrogs
  4 gnoll sergeants
  2 scorpions
  An entropy weaver simulacrum (Lair:3)
  A two-headed ogre simulacrum (Lair:3)
  16 wights
  18 killer bees
  6 howler monkeys
  A hound (D:5)
  A bombardier beetle (D:6)
  16 orc priests
  2 sleepcaps
  10 iguanas
  Crazy Yiuf (D:3)
  Jessica (D:3)
  Ijyb (D:3)
  Terence (D:2)
  A boggart zombie (D:15)
  15 orc wizards
  A troll simulacrum (Lair:3)
  5 gnolls
  7 adders
  A naga simulacrum (Lair:3)
  A white imp (D:6)
  2 ufetubi (D:5)
  4 ribbon worms
  A dart slug (D:4)
  62 orcs
  7 bats
  13 endoplasms
  A giant cockroach (D:1)
  11 goblins
  5 hobgoblins
  4 jackals (D:4)
  4 ball pythons
  4 frilled lizards
  13 kobolds
  3 rats
1196 creatures vanquished.

Vanquished Creatures (collateral kills)
  A spark wasp (Spider:4)
  A jorogumo (Spider:4)
  An ogre mage (D:15)
  A two-headed ogre (D:15)
  An orb spider (Spider:4)
  2 elephants (Lair:3)
  A torpor snail (Spider:4)
  A naga mage (Vaults:2)
  A tengu conjurer (Vaults:2)
  2 tarantellas (Spider:4)
  A slime creature (D:15)
  A culicivora (Spider:1)
14 creatures vanquished.

Vanquished Creatures (others)
  A steelbarb worm (Spider:4)
  A white imp (Lair:3)
  A giant cockroach (D:2)
3 creatures vanquished.

Grand Total: 1213 creatures vanquished

Notes
Turn   | Place    | Note
-------+----------+-------------------------------------------
     0 | D:1      | jasper the Demonspawn Fighter began the quest for the Orb.
     0 | D:1      | Reached XP level 1. HP: 18/18 MP: 1/1
     0 | D:1      | Noticed a tentacled monstrosity
     1 | D:1      | Noticed a shadow dragon
     3 | D:1      | Noticed an ice dragon
     3 | D:1      | Noticed a tentacled monstrosity
     5 | D:1      | Noticed an orb of fire
     6 | D:1      | Noticed a black draconian
     7 | D:1      | Noticed a shadow dragon
    10 | D:1      | Noticed an ice dragon
    10 | D:1      | Noticed an ice dragon
    12 | D:1      | Noticed a tentacled monstrosity
    12 | D:1      | Noticed an orb of fire
    14 | D:1      | Noticed an ice dragon
    14 | D:1      | Noticed an orb of fire
    14 | D:1      | Noticed a tentacled monstrosity
    16 | D:1      | Noticed an iron dragon
    16 | D:1      | Noticed a white draconian
    18 | D:1      | Noticed a tentacled monstrosity
    18 | D:1      | Noticed an iron dragon
    21 | D:1      | Noticed a tentacled monstrosity
   109 | D:1      | Gained mutation: You have sharp fingernails. [demonic
                  | ancestry]
   109 | D:1      | Reached XP level 2. HP: 23/24 MP: 2/2
   318 | D:1      | Reached skill level 1 in Unarmed Combat
  1128 | D:2      | Found Hipt's Weapon Shoppe.
  1239 | D:2      | Reached XP level 3. HP: 28/29 MP: 3/3
  1252 | D:2      | Found Uxivauch's Weapon Boutique.
  1279 | D:2      | Noticed Terence
  1294 | D:2      | Killed Terence
  1298 | D:2      | Reached skill level 2 in Unarmed Combat
  1386 | D:2      | Found a faded altar of an unknown god.
  1415 | D:2      | Found Ytuyn's Armour Shoppe.
  1702 | D:3      | Noticed Jessica
  1712 | D:3      | Gained mutation: You are partially covered in slimy green
                  | scales. (AC +2) [demonic ancestry]
  1712 | D:3      | Reached XP level 4. HP: 15/35 MP: 4/4
  1720 | D:3      | Killed Jessica
  1976 | D:3      | Noticed a scorpion
  1988 | D:3      | Killed a scorpion
  1989 | D:3      | Reached XP level 5. HP: 31/42 MP: 5/5
  2063 | D:3      | Reached skill level 3 in Unarmed Combat
  2079 | D:3      | Noticed Ijyb
  2094 | D:3      | Killed Ijyb
  2396 | D:3      | Found a runed translucent door.
  2397 | D:3      | Noticed Crazy Yiuf
  2404 | D:3      | Killed Crazy Yiuf
  2457 | D:4      | Found Ditoss's Distillery.
  2522 | D:4      | Gained mutation: You are partially covered in sharp spines.
                  | [demonic ancestry]
  2522 | D:4      | Reached XP level 6. HP: 48/48 MP: 6/6
  2552 | D:4      | Found a radiant altar of Vehumet.
  2636 | D:4      | Noticed Duvessa
  2639 | D:4      | Found a stormy altar of Qazlal.
  2665 | D:4      | Killed Duvessa
  2666 | D:4      | Reached skill level 4 in Unarmed Combat
  2825 | D:4      | Learned a level 1 spell: Apportation
  2858 | D:4      | Found Gysche's Jewellery Emporium.
  2881 | D:4      | Found a broken altar of Ashenzari.
  2911 | D:4      | Found Biceaq's Antique Weapon Shoppe.
  3031 | D:4      | Found an ornate altar of the Wu Jian Council.
  3038 | D:4      | Became a worshipper of the Wu Jian Council
  3061 | D:4      | Found Panumn's Jewellery Shoppe.
  3171 | D:4      | Found a shimmering altar of Xom.
  3428 | D:5      | Entered Level 5 of the Dungeon
  3431 | D:5      | Noticed an ice beast
  3453 | D:5      | Killed an ice beast
  3454 | D:5      | Reached XP level 7. HP: 55/55 MP: 7/7
  3491 | D:5      | Found a runed translucent door.
  3492 | D:5      | Noticed EvilEddieB's ghost (amateur DsGl)
  3540 | D:5      | Found a shadowy altar of Dithmenos.
  3566 | D:5      | Reached skill level 5 in Unarmed Combat
  3811 | D:5      | Found a sacrificial altar of Ru.
  3813 | D:5      | Found an iron altar of Okawaru.
  3976 | D:6      | Reached skill level 5 in Fighting
  4102 | D:6      | Gained mutation: You are mostly covered in sharp spines.
                  | [demonic ancestry]
  4102 | D:6      | Reached XP level 8. HP: 62/62 MP: 8/8
  4172 | D:6      | Reached skill level 5 in Shields
  4172 | D:6      | Reached skill level 6 in Unarmed Combat
  4211 | D:6      | Reached * piety under Wu Jian
  4216 | D:6      | Found a staircase to the Ecumenical Temple.
  4368 | D:6      | Found a hide-covered altar of Uskayaw.
  4375 | D:6      | Found an opulent altar of Gozag.
  4887 | D:7      | Reached skill level 7 in Unarmed Combat
  5153 | D:7      | Found a shimmering blue altar of Sif Muna.
  5168 | D:7      | Reached XP level 9. HP: 71/71 MP: 9/9
  5632 | D:7      | Found a runed translucent door.
  5632 | D:7      | Noticed javelincjr's ghost (novice TrHu)
  5713 | D:7      | Reached skill level 8 in Unarmed Combat
  5885 | D:8      | Noticed Erica
  5903 | D:8      | Paralysed by something for 4 turns
  5913 | D:8      | Killed Erica
  5913 | D:8      | Reached ** piety under Wu Jian
  5979 | D:8      | Reached skill level 9 in Unarmed Combat
  6213 | D:8      | Noticed Amaemon
  6232 | D:8      | Killed Amaemon
  6233 | D:8      | Reached XP level 10. HP: 72/80 MP: 10/10
  6254 | D:8      | Noticed an orange demon
  6379 | D:8      | Killed an orange demon
  6455 | D:8      | Identified the +1 buckler of Astriah {+Inv Str+3}
  7056 | D:9      | Reached skill level 10 in Unarmed Combat
  7092 | D:9      | Reached *** piety under Wu Jian
  7213 | D:9      | Noticed Maggie
  7216 | D:9      | Paralysed by Maggie for 2 turns
  7228 | D:9      | Killed Maggie
  7279 | D:9      | Found Maezaog's Book Emporium.
  7318 | D:9      | Reached skill level 11 in Unarmed Combat
  7556 | D:9      | Reached XP level 11. HP: 73/89 MP: 11/11
  7689 | D:9      | You are sucked into a shaft and drop 3 floors!
  7769 | D:11     | Found a gate leading to a gauntlet.
  7785 | Gauntlet | Entered a Gauntlet
  7785 | Gauntlet | Found a transporter.
  7794 | Gauntlet | Found a transporter.
  7798 | Gauntlet | Noticed a wretched star
  7809 | Gauntlet | Found a runed translucent gate.
  7809 | Gauntlet | Found a runed translucent gate.
  7811 | Gauntlet | Found a transporter.
  7815 | Gauntlet | Found a transporter.
  7823 | Gauntlet | Noticed an entropy weaver
  7825 | Gauntlet | Found a transporter.
  7849 | Gauntlet | Found a transporter.
  7849 | Gauntlet | Noticed a sixfirhy
  7852 | Gauntlet | Noticed a sixfirhy
  7857 | Gauntlet | Found a transporter.
  7861 | Gauntlet | Found a transporter.
  7862 | Gauntlet | Noticed an obsidian statue
  7864 | Gauntlet | Found a runed translucent gate.
  7881 | Gauntlet | Noticed a six-headed hydra
  7884 | Gauntlet | Found a transporter.
  7913 | Gauntlet | Found a transporter.
  7913 | Gauntlet | Found a transporter.
  7913 | Gauntlet | Noticed a quicksilver ooze
  7918 | Gauntlet | Found a transporter.
  7984 | Gauntlet | Killed an obsidian statue
  8038 | Gauntlet | Killed a sixfirhy
  8048 | Gauntlet | Killed a sixfirhy
  8057 | Gauntlet | Identified the ring "Ohiwnaz" {*Corrode rPois rN+ Str+3
                  | Dex+6 Stlth+}
  8097 | Gauntlet | Identified the +4 leather armour "Zureex" {Rampage Will+}
  8097 | Gauntlet | Noticed a minotaur
  8108 | Gauntlet | Killed a minotaur
  8109 | Gauntlet | Reached skill level 12 in Unarmed Combat
  8180 | D:11     | Reached skill level 10 in Fighting
  8183 | D:10     | Entered Level 10 of the Dungeon
  8390 | D:9      | Found a staircase to the Orcish Mines.
  8411 | D:9      | Reached **** piety under Wu Jian
  8663 | Orc:1    | Entered Level 1 of the Orcish Mines
  8766 | Orc:1    | Found a roughly hewn altar of Beogh.
  8882 | Orc:2    | Entered Level 2 of the Orcish Mines
  8964 | Orc:2    | Reached skill level 13 in Unarmed Combat
  8976 | Orc:2    | Noticed an obsidian bat
  8992 | Orc:2    | Killed an obsidian bat
  9022 | Orc:1    | Noticed an orc warlord
  9143 | Orc:1    | Gained mutation: You are mostly covered in slimy green
                  | scales. (AC +3) [demonic ancestry]
  9143 | Orc:1    | Reached XP level 12. HP: 86/99 MP: 12/12
  9153 | Orc:2    | Reached ***** piety under Wu Jian
  9261 | Orc:1    | Killed an orc warlord
  9612 | D:4      | Bought a granite talisman for 840 gold pieces
 10029 | D:10     | Reached skill level 1 in Shapeshifting
 10148 | D:10     | Found a staircase to the Lair.
 10351 | D:11     | Found a portal to a secret trove of treasure.
 10372 | D:11     | Identified the amulet "Gunih" {Acrobat Will+}
 10578 | D:11     | Noticed a two-headed ogre
 10580 | D:11     | Killed a two-headed ogre
 10581 | D:11     | Reached skill level 5 in Shapeshifting
 10802 | D:11     | Noticed a two-headed ogre
 10804 | D:11     | Killed a two-headed ogre
 10820 | D:11     | Noticed a frost giant
 10845 | D:11     | Killed a frost giant
 11117 | Lair:1   | Entered Level 1 of the Lair of Beasts
 11307 | Lair:1   | Gained mutation: You are completely covered in slimy green
                  | scales. (AC +4, rPois) [demonic ancestry]
 11307 | Lair:1   | Reached XP level 13. HP: 88/106 MP: 13/13
 12017 | Lair:1   | Found a runed translucent door.
 12260 | Lair:1   | Identified the +3 hat of the Sacrificial Victim {Rampage
                  | +Inv rC- rN+++}
 12293 | Lair:1   | Identified the +4 whip of the Tooth {freeze, rPois rN+
                  | Str+2 Dex-4}
 12294 | Lair:1   | Found a runed translucent gate.
 12294 | Lair:1   | Found a runed translucent gate.
 12294 | Lair:1   | Found a runed translucent gate.
 12294 | Lair:1   | Found a runed translucent gate.
 12294 | Lair:1   | Found a runed translucent gate.
 12294 | Lair:1   | Found a runed translucent gate.
 12727 | Lair:2   | Reached skill level 10 in Shapeshifting
 14109 | Lair:3   | Found a staircase to the Shoals.
 14218 | Lair:3   | Gained mutation: A weak demonic guardian rushes to your
                  | aid. [demonic ancestry]
 14218 | Lair:3   | Reached XP level 14. HP: 101/113 MP: 14/14
 14361 | Lair:3   | Found a hole to the Spider Nest.
 15705 | Lair:5   | Entered Level 5 of the Lair of Beasts
 15892 | Lair:5   | Found a staircase to the Slime Pits.
 16047 | Lair:5   | Reached skill level 14 in Unarmed Combat
 17099 | Orc:2    | Reached XP level 15. HP: 120/120 MP: 15/15
 17132 | Orc:2    | Reached ****** piety under Wu Jian
 17139 | Orc:2    | Noticed Nergalle
 17154 | Orc:2    | Killed Nergalle
 17172 | Orc:2    | Found a roughly hewn altar of Beogh.
 17176 | Orc:2    | Found Pukitzef's General Store.
 17185 | Orc:2    | Found Ziffeoll's Antique Weapon Boutique.
 17192 | Orc:2    | Found Jonasug's Antique Armour Boutique.
 17240 | Orc:2    | Bought a potion of curing for 42 gold pieces
 17385 | Orc:2    | Found a staircase to the Elven Halls.
 17552 | Orc:2    | Found Pyebau Etua's Book Boutique.
 18107 | D:12     | Found a corrupted altar of Lugonu.
 18168 | D:12     | Noticed Erolcha
 18181 | D:12     | Killed Erolcha
 18382 | D:13     | Reached skill level 15 in Unarmed Combat
 18610 | D:13     | Reached skill level 10 in Shields
 19172 | D:14     | Noticed Nessos
 19335 | D:14     | Killed Nessos
 19544 | D:14     | Found a gate to the Vaults.
 20136 | D:15     | Entered Level 15 of the Dungeon
 20189 | D:15     | Reached XP level 16. HP: 129/129 MP: 16/16
 20282 | D:15     | Reached skill level 16 in Unarmed Combat
 20456 | D:15     | Found a staircase to the Depths.
 20758 | D:15     | Found Ulyz's Book Shop.
 20997 | Spider:1 | Entered Level 1 of the Spider Nest
 21116 | Spider:1 | You fall into a shaft and drop 1 floor!
 21280 | Spider:1 | Reached skill level 15 in Shapeshifting
 21414 | Spider:1 | Got Easy Willworking
 21709 | Spider:2 | Reached skill level 17 in Unarmed Combat
 21953 | Spider:2 | Reached XP level 17. HP: 138/138 MP: 17/17
 22187 | Spider:2 | Identified the blade talisman "Ikadwe" {rN+ MP+9 Str+5
                  | Dex-3}
 22571 | D:4      | Bought the ring of the Tortoise {AC+8} for 1664 gold pieces
 22571 | D:4      | Found the ring of the Tortoise {AC+8}
 22723 | D:11     | You paid a toll of the ring of the Tortoise to enter a
                  | treasure trove
 22724 | Trove    | Entered a treasure trove
 22727 | Trove    | Found the +7 Kryia's mail coat {PotionHeal*2 rC+}
 22915 | D:4      | Bought the amulet of Zour {rF+ Regen+ Dex+4} for 733 gold
                  | pieces
 24025 | Spider:4 | Entered Level 4 of the Spider Nest
 24645 | Spider:4 | Reached skill level 18 in Unarmed Combat
 24988 | Spider:4 | Got a gossamer rune of Zot
 25119 | Shoals:1 | Entered Level 1 of the Shoals
 25134 | Shoals:1 | Found Aghuj's Armour Shoppe.
 25170 | Shoals:1 | Identified a scroll of acquirement
 25171 | Shoals:1 | Acquired the +1 helmet of the Harvest {rC+ Str+2}
 25425 | Shoals:1 | Found Ineyloch's Weapon Shop.
 25493 | Shoals:1 | Found a runed translucent gate.
 25493 | Shoals:1 | Found a runed translucent gate.
 25494 | Shoals:1 | Found a runed translucent gate.
 25494 | Shoals:1 | Noticed Bunar's ghost (journeyman FeSh)
 25914 | Shoals:1 | Killed Bunar's ghost
 25922 | Shoals:1 | Identified the +1 cloak of the Sharing Gods {rPois rN++}
 26006 | Shoals:2 | Gained mutation: You have very sharp fingernails. [demonic
                  | ancestry]
 26006 | Shoals:2 | Reached XP level 18. HP: 147/147 MP: 18/18
 26510 | Shoals:2 | Noticed Jorgrun
 26520 | Shoals:2 | Killed Jorgrun
 26767 | Shoals:2 | Noticed Polyphemus
 26776 | Shoals:2 | Killed Polyphemus
 26858 | Shoals:2 | Noticed Louise
 26867 | Shoals:2 | Killed Louise
 26870 | Shoals:2 | Reached skill level 15 in Fighting
 27938 | Shoals:4 | Entered Level 4 of the Shoals
 27938 | Shoals:4 | Found a stormy altar of Qazlal.
 27981 | Shoals:4 | Paralysed by an air elemental for 1 turns
 28011 | Shoals:4 | Paralysed by an air elemental for 1 turns
 28162 | Shoals:4 | Reached skill level 19 in Unarmed Combat
 28163 | Shoals:4 | Paralysed by an air elemental for 1 turns
 28214 | Shoals:4 | Got the Directory of the Invisible Brambles
 28221 | Shoals:4 | Got a barnacled rune of Zot
 28263 | Shoals:4 | Found a stormy altar of Qazlal.
 28271 | Shoals:4 | Paralysed by an air elemental for 1 turns
 28360 | Shoals:4 | Identified the +0 long sword of the Unliving {freeze, Str-3
                  | Dex+7}
 29031 | Vaults:1 | Entered Level 1 of the Vaults
 29108 | Vaults:1 | Gained mutation: You have claws for hands. [demonic
                  | ancestry]
 29108 | Vaults:1 | Reached XP level 19. HP: 152/157 MP: 19/19
 30073 | Vaults:2 | Found the +2 hat of the Bear Spirit {Spirit, Bear, *Rage
                  | Will++}
 30083 | Vaults:2 | Identified the +1 robe of the Gnashing Gods {rF+ rN+ Will+}
 30090 | Vaults:2 | Found a radiant altar of Vehumet.
 30101 | Vaults:2 | Identified the +2 robe of a treasure trove {rPois rN++
                  | Dex+2 Slay-5}
 30102 | Vaults:2 | Identified the +1 robe "Mimism" {rF+}
 30109 | Vaults:2 | Learned a level 3 spell: Fugue of the Fallen
 30114 | Vaults:2 | Learned a level 4 spell: Vhi's Electric Charge
 30114 | Vaults:2 | Identified the +0 hat of Compression {Harm}
 30123 | Vaults:2 | Identified the +0 robe of Spite {Int+2}
 30128 | Vaults:2 | Identified the +1 hat of Pexyeme {rC+ Will+ rCorr Int+3}
 30185 | Vaults:2 | Reached skill level 20 in Unarmed Combat
 30189 | Vaults:2 | HP: 10/204 [harpy (8)]
 30190 | Vaults:2 | Slain by a dire elephant

Illustrated notes

Levels and vault maps discovered:
D:1:      shiori_arrival_whats_in_store_for_you, layout_rooms,
          minmay_liquid_box, corexii_hall_statues_x
D:2:      layout_basic, shapermc_ecumenical_altar_mp_urbaneastern, serial_shops,
          shop, nicolae_shop_rolling_square, nicolae_shop_tiny_waterfront,
          uniq_terence
D:3:      layout_rooms, kennysheep_cluttered_room, nrook_mini_vaults,
          nicolae_wormholes, uniq_jessica, uniq_crazy_yiuf_cottage, uniq_ijyb
D:4:      layout_basic, mainiacjoe_overflow_six_doors_small,
          mainiacjoe_overflow_alcove_4, grunt_qazlal_clouds, marbit_many_paths,
          general_overflow_altar, serial_shops, shop,
          nicolae_inconvenience_store, shop, nicolae_shop_peninsula,
          chequers_avenue, minmay_misc_feat_hallway, uniq_duvessa
D:5:      layout_cave_pools, grunt_temple_overflow_open, gammafunk_ghost_grave
D:6:      layout_gridville, mainiacjoe_overflow_catwalk_spiral,
          minmay_temple_entry_crystal_x, chequers_serial_rivers_micro_b
D:7:      layout_basic, overflow_temple_1_default, gammafunk_ghost_grave,
          kennysheep_generic_room_15
D:8:      layout_cave_pods, uniq_amaemon, uniq_erica
D:9:      layout_small_grid, kennysheep_orc_monster_closet_entryway,
          serial_shops, nicolae_shop_stone, uniq_maggie
D:10:     layout_cave_pools, david_lair_shrubbed, nicolae_the_louvre
D:11:     nzn_winding_woodlands_cross [nzn_winding_woodlands_5x15_sidewinder,
          nzn_winding_woodlands_5x15_pockets,
          nzn_winding_woodlands_5x15_pathside_ponds,
          nzn_winding_woodlands_5x15_twine,
          nzn_winding_woodlands_15x15_boxy_spiral], layout_rooms,
          gauntlet_entry_generic, enter_trove_2, minivault_23
D:12:     layout_basic, tgw_lugonu_bribe, uniq_erolcha
D:13:     layout_basic
D:14:     layout_irregular_city, david_vaults_4,
          hangedman_abyss_or_decor_jellyfish_corner, tso_oasis_becter,
          uniq_nessos
D:15:     gammafunk_enter_depths_forms, layout_rooms, serial_undead,
          serial_undead_d, serial_undead_b, serial_undead_d, serial_undead_e,
          serial_undead_a, serial_undead_a, serial_undead_b, serial_shops,
          nicolae_shop_real_fake_doors
Lair:1:   gammafunk_indiana_jones, layout_regular_city
Lair:2:   layout_cave_pods, beast_lair_carwin_8
Lair:3:   dreamdust_isle_of_ice, layout_long_grid,
          minmay_shoals_entry_lonely_mermaid, spider_nest_entry_funnel_web,
          serial_bayou_shore_b
Lair:4:   layout_cave_pods, serial_bayou_shore_b
Lair:5:   guppyfry_lair_end_dragon, layout_concentric_octagons, slime_entry_1,
          grunt_megastairs_3
Shoals:1: layout_shoals, gammafunk_ghost_tricky_traps, serial_shops,
          nicolae_shop_bloodbath_and_beyond, nicolae_shop_hallway_stairs
Shoals:2: layout_shoals, uniq_louise, uniq_polyphemus, uniq_jorgrun
Shoals:3: layout_shoals
Shoals:4: shoals_end_hellmonk_storm_palace [storm_palace_center_circular,
          storm_palace_corner_altar, storm_palace_corner_altar,
          storm_palace_corner_pillars, storm_palace_corner_narrow]
Spider:1: nicolae_spider_brood_tunnel
Spider:2: layout_spider_delve, hangedman_spider_tarantella_strand
Spider:3: layout_spider_delve, nicolae_spider_undead_wolf_pack
Spider:4: grunt_spider_rune_island
Orc:1:    layout_caves, mines2_david
Orc:2:    grunt_orc_cross, layout_caves
Vaults:1: v_misc_2, nicolae_vaults_doubleplus_tesselated, v_misc_5,
          hangedman_vaults_hat, nicolae_vaults_security_offices_1,
          nicolae_vaults_border_crossing, v_misc_30, vaults_room_large_hall,
          vaults_room_door_ring, ontoclasm_vaults_gateway, layout_vaults_omnibox
Vaults:2: nicolae_vaults_sightless_eye, nicolae_vaults_closet_pinwheel_4,
          grunt_tower_of_power, v_alt_pattern_5,
          nicolae_vaults_storage_closets_2, vaults_mumra_lcd,
          nicolae_vaults_wrenched, v_misc_33, nicolae_vaults_trapezoid_3,
          nicolae_vaults_tetromino_L_1, nicolae_vaults_trapezoid_4,
          layout_vaults_ring

Skill      XL: |  1  2  3  4  5  6  7  8  9 10 11 12 13 14 15 16 17 18 19 |
---------------+----------------------------------------------------------+-----
Axes           | 2 |  2.5
Unarmed Combat | 1 2 3 4 5 7 9 11 13 14 15 17 18 19 20 | 20.0
Shields        | 3 4 5 7 8 9 10 11 12 13 | 13.8
Fighting       | 4 5 6 7 9 10 11 12 13 14 15 16 | 16.0
Shapeshifting  | 8 12 13 14 15 16 17 | 17.9
Armour         | |  2.6

Action                     |  1- 3 |  4- 6 |  7- 9 | 10-12 | 13-15 | 16-18 | 19-21 || total
---------------------------+-------+-------+-------+-------+-------+-------+-------++-------
  Melee: War axe           |    48 |       |       |       |       |       |       ||    48
         Unarmed           |    68 |   140 |   238 |   688 |  1103 |  1204 |   161 ||  3602
         Short sword       |       |    10 |       |       |       |       |       ||    10
  Throw: Stone             |       |       |     1 |     1 |       |       |       ||     2
 Invoke: Serpent's Lash    |       |       |       |     6 |       |       |       ||     6
         Heavenly Storm    |       |       |       |     1 |     2 |     4 |     1 ||     8
Ability: Lunge             |       |       |    28 |    71 |    82 |   114 |     9 ||   304
         Whirlwind         |       |       |    10 |   230 |   391 |   426 |    83 ||  1140
         Wall Jump         |       |       |       |       |       |     2 |     1 ||     3
         Begin Untransform |       |       |       |       |       |     1 |       ||     1
  Evoke: Wand              |       |     1 |    10 |     2 |     9 |       |       ||    22
         Lightning rod     |       |       |       |       |       |     2 |       ||     2
         Gell's gravitambo |       |       |       |       |       |     2 |       ||     2
         Tin of tremorston |       |       |       |       |       |     1 |       ||     1
    Use: Scroll            |     6 |     5 |     5 |     5 |     6 |     9 |       ||    36
         Potion            |     2 |     2 |     5 |     3 |     1 |     2 |     1 ||    16
   Stab: Sleeping          |       |       |       |     2 |    15 |     9 |     2 ||    28
         Distracted        |       |       |       |     2 |       |     5 |       ||     7
         Confused          |       |       |       |       |       |     2 |       ||     2
 Armour: Scale mail        |    80 |       |       |       |       |       |       ||    80
         Ring mail         |    18 |    19 |       |       |       |       |       ||    37
         Leather armour    |       |    49 |   145 |   329 |   221 |       |       ||   744
         Skin              |       |     1 |     8 |       |   399 |  1170 |   150 ||  1728
  Dodge: Dodged            |    44 |    41 |    83 |   176 |   308 |   496 |    64 ||  1212
  Block: Buckler           |    27 |    34 |    55 |    80 |       |       |       ||   196
         Kite shield       |       |       |       |   188 |   501 |   821 |   106 ||  1616
   Form: Statue            |       |       |       |       |     1 |     1 |       ||     2

Table legend: (Time is in decaauts)
 A = Elapsed time spent in this place.
 B = Non-inter-level travel time spent in this place.
 C = Inter-level travel time spent in this place.
 D = Time resting spent in this place.
 E = Time spent auto-exploring this place.
 F = Levels seen in this place.
 G = Mean time per level.
                   A        B        C        D        E       F      G
               +--------+--------+--------+--------+--------+-----+--------+
         Total |  37846 |  34111 |   3735 |   3051 |  20996 |  34 | 1113.1 |
       Dungeon |  15698 |  13759 |   1939 |   1473 |   8762 |  15 | 1046.5 |
          Lair |   7779 |   6709 |   1070 |    768 |   4262 |   5 | 1555.8 |
        Shoals |   5445 |   5202 |    243 |    246 |   2615 |   4 | 1361.2 |
   Spider Nest |   4832 |   4556 |    276 |    322 |   2913 |   4 | 1208.0 |
  Orcish Mines |   1921 |   1754 |    167 |    123 |   1126 |   2 |  960.5 |
        Vaults |   1714 |   1677 |     37 |     90 |   1159 |   2 |  857.0 |
         Trove |     98 |     98 |      0 |      0 |      1 |   1 |   98.0 |
      Gauntlet |    355 |    355 |      0 |     28 |    156 |   1 |  355.0 |
               +--------+--------+--------+--------+--------+-----+--------+

Top non-repeatable levels by time:
  Lair:3: 1734 daAuts
  Lair:5: 1731 daAuts
Shoals:2: 1623 daAuts
  Lair:1: 1593 daAuts
Spider:4: 1522 daAuts
    D:13: 1519 daAuts
Vaults:1: 1506 daAuts
  Lair:4: 1412 daAuts
    D:14: 1369 daAuts
     D:8: 1335 daAuts
Shoals:3: 1322 daAuts
Shoals:1: 1321 daAuts
  Lair:2: 1306 daAuts
   Orc:2: 1291 daAuts
     D:9: 1287 daAuts
